 Dungeon Crawl Stone Soup version 0.32-a0-999-gfa1cc04b1d (webtiles) character file.

Game seed: 3329940407647544528

17935 jasper the Destroyer (level 12, 0/106 HPs)
             Began as a White Draconian Conjurer on Apr 24, 2024.
             Was an Initiate of Vehumet.
             Killed from afar by an efreet (32 damage)
             ... with a bolt of fire
             ... on level 10 of the Dungeon.
             The game lasted 00:32:38 (16626 turns).

jasper the Destroyer (White Draconian Conjurer)    Turns: 16626, Time: 00:32:39

Health: 0/106      AC: 16    Str: 11    XL:     12   Next: 23%
Magic:  2/23       EV: 12    Int: 24    God:    Vehumet [......]
Gold:   510        SH:  3    Dex: 10    Spells: 9/26 levels left

rFire   . . .        J - staff of cold
rCold   + + .        v - +0 buckler
rNeg    . . .        (body armour unavailable)
rPois   .            N - +2 hat
rElec   .            f - +1 cloak
rCorr   .            E - +2 pair of gloves of the Good {Str+2 Slay+3 SInv}
SInv    +            C - +0 pair of boots
Will    .....        o - amulet of regeneration
Stlth   ++           m - ring of see invisible
HPRegen 1.17/turn    t - ring of wizardry
MPRegen 0.18/turn

%: wizardry (x1)
@: about to teleport
A: glacial breath, AC +8, unfitting armour, cold resistance 1, cold-blooded
a: Glacial Breath, Renounce Religion


You were on level 10 of the Dungeon.
You worshipped Vehumet.
Vehumet was noncommittal.
You visited 2 branches of the dungeon, and saw 11 of its levels.
You also visited: Bailey.

You collected 970 gold pieces.
You spent 460 gold pieces at shops.

Inventory:

Hand Weapons
 a - a +3 short sword of holy wrath
 d - a +2 orcbow of flaming
 e - a +2 scythe of pain
 y - a +4 long sword
Missiles
 b - 163 stones
 n - 13 boomerangs
 x - 14 javelins
 P - 2 throwing nets
Armour
 f - a +1 cloak (worn)
 g - an orb of energy
 i - a scarf of repulsion
 v - a +0 buckler (worn)
 C - a +0 pair of boots (worn)
 E - the +2 pair of gloves of the Good (worn) {Str+2 Slay+3 SInv}
   (You acquired it on level 8 of the Dungeon)

   Str+2:     It affects your strength (+2).
   Slay+3:    It affects your accuracy & damage with ranged weapons and melee
   (+3).
   SInv:      It lets you see invisible.
 N - a +2 hat (worn)
Magical Staves
 l - a staff of alchemy
 J - a staff of cold (weapon)
Jewellery
 m - a ring of see invisible (left hand)
 o - an amulet of regeneration (around neck)
 t - a ring of wizardry (right hand)
 A - a ring of protection from cold
 H - a ring of ice
 I - a ring of willpower
Wands
 r - a wand of polymorph (4)
 w - a wand of flame (29)
Scrolls
 c - 9 scrolls of teleportation
 p - a scroll of immolation
 D - 2 scrolls of fog
 G - a scroll of identify
 K - 2 scrolls of fear
 L - 2 scrolls of poison
 M - a scroll of vulnerability {unknown}
 O - a scroll of torment {unknown}
Potions
 h - 7 potions of curing
 j - a potion of haste
 k - 4 potions of enlightenment
 q - 3 potions of heal wounds {unknown}
 u - a potion of cancellation
 z - a potion of ambrosia {unknown}
 B - 2 potions of lignification {unknown}


   Skills:
 * Level 10.1 Fighting
 + Level 3.8 Staves
 - Level 7.1 Dodging
 - Level 1.7 Stealth
 + Level 0.7 Shields
 + Level 7.5 Spellcasting
 - Level 11.0 Conjurations
 - Level 3.0 Translocations
 + Level 8.6 Ice Magic
 - Level 4.0 Air Magic
 - Level 3.0 Alchemy


You had 9 spell levels left.
You knew the following spells:

 Your Spells              Type           Power      Damage    Failure   Level
a - Magic Dart            Conj           100%       1d8       1%          1
b - Searing Ray           Conj           100%       2d8       1%          2
c - Fulminant Prism       Conj/Alch      21%        3d12      2%          4
d - Iskenderun's Mystic   Conj/Tloc      42%        2d10      (+2d52%     4
e - Freezing Cloud        Conj/Ice/Air   31%        6-21      4%          5
f - Apportation           Tloc           46%        N/A       1%          1

Your spell library contained the following spells:

 Spells                   Type           Power      Damage    Failure   Level
 Kiss of Death            Conj/Necr      100%       2d13      1%          1
 Sting                    Conj/Alch      100%       1d9       1%          1
 Lesser Beckoning         Tloc           46%        N/A       1%          2
 Dazzling Flash           Conj/Hex       70%        N/A       1%          3
 Mephitic Cloud           Conj/Alch/Air  37%        N/A       1%          3
 Iskenderun's Battlesphe  Conj           58%        2d11      1%          5
 Cigotuvi's Dreadful Rot  Necr/Alch/Air  40%        N/A       2%          2
 Maxwell's Portable Pile  Tloc           23%        2d(7-20)  3%          3
 Teleport Other           Tloc           23%        N/A       3%          3
 Necrotise                Necr           36%        1d5       4%          1
 Slow                     Hex            36%        N/A       4%          1
 Summon Small Mammal      Summ           36%        N/A       4%          1
 Brom's Barrelling Bould  Conj/Erth      35%        2d5       4%          4
 Confusing Touch          Hex            9%         N/A       12%         3
 Vampiric Draining        Necr           9%         2d6       12%         3
 Ignite Poison            Fire/Alch      16%        N/A       21%         4
 Anguish                  Hex/Necr       4%         N/A       36%         4
 Dispel Undead            Necr           9%         3d8       36%         4
 Silence                  Hex/Air        9%         N/A       43%         5
 Bombard                  Conj/Erth      17%        9d4       52%         6
 Spellforged Servitor     Conj/Summ      17%        N/A       96%         7
 Death Channel            Necr           4%         N/A       99%         6
 Seismic Cannonade        Alch/Erth      8%         6d6       100%        7
 Infestation              Necr           4%         N/A       100%        8


Dungeon Overview and Level Annotations

Branches:
Dungeon (10/15)            Temple (1/1) D:6            Lair (0/5) D:8
 Bailey (visited)
    Orc: D:9-12

Altars:
Ashenzari
Cheibriados
Dithmenos
Elyvilon
Fedhas
Gozag
Hepliaklqana
Kikubaaqudgha
Makhleb
Nemelex Xobeh
Okawaru
Qazlal
Ru
Sif Muna
Trog
Uskayaw
Vehumet
Wu Jian
Xom
Yredelemnul
Zin
The Shining One

Shops:
D:1 =   D:9 *

Annotations:
D:10 2 runed translucent doors, olddryhag's ghost, journeyman CoWn


Innate Abilities, Weirdness & Mutations

You can breathe waves of cold which freeze foes solid.
Your icy white scales are hard. (AC +8)
You cannot fit into any form of body armour.
Your flesh is cold resistant. (rC+)
You are cold-blooded and may be slowed by cold attacks.


Message History

The gargoyle hurls a stone arrow at you.
You block the stone arrow.
An efreet comes into view.
It is wielding a +2 scimitar of flaming.
Your fulminant prism explodes!
The blast of energy engulfs the gargoyle but does no damage.
The blast of energy engulfs the gargoyle!!
The gargoyle is severely damaged.
The blast of energy engulfs the centaur warrior zombie!!
You destroy the centaur warrior zombie!
Vehumet accepts your kill.
The blast of energy engulfs the efreet!!
The efreet is severely wounded.
The blast of energy engulfs the efreet!!
The efreet is severely wounded.
Okay, then.
Found a trident and a spear.
The gargoyle shaped block of ice melts away.
The gargoyle hurls a stone arrow at you.
The stone arrow hits you!!
The gargoyle hurls a stone arrow at you.
The stone arrow hits you!!
You take 44 damage, and have 52/106 hp.
MASSIVE DAMAGE!!
Found a ring mail.
A gnoll sergeant comes into view.
It is wielding the +12 orcbow of Nijun {flame, Dex+3} and wearing the +5 fire dragon scales of Bedevilment {*Slow rF++ rC- rN+ Dex+6}.
You regained 2 hp, and now have 54/106 hp.
A gargoyle comes into view. It is wielding a +0 flail.
The gargoyle hurls a stone arrow at you.
The stone arrow hits you!
The gnoll sergeant shoots an arrow.
The arrow hits you but does no damage.
There is an open gate, spattered with blood here.
You see here a +0 mace.
You take 11 damage, and have 43/106 hp.
You see here 7 gold pieces.
You close the gate, pushing everything out of the way.
As you read the scroll of teleportation, it crumbles to dust.
You feel strangely unstable.
A gargoyle breaks down the gate.
The gnoll sergeant shoots an arrow.
The arrow hits you! The arrow burns you. The efreet gestures at you.
The bolt of fire hits you!!
You die...

....)..####....
.......'....... ....
.....ß.'.#....# .⌠.#
.......'....# ###... ))
...##..'...# ###..g.##'#
#...)..#..## ###$#..#.'..#
####..##..#≈##$$.'....'..#
#..##≈.#≈#[...'R○°.#..#
#..##..# ##..@'9R.9'..#
####...#..##≈###.#9.#.'..#
..)).).'...##≈≈###....##'
.###...'....###§≈###...#
.# #.#.'.#....###≈≈#.⌠.##
.###...'......≈.####....#
.......####.......§##.#.#
.####.##≈§###......##...##
.# #..#≈##≈≈###.....##...#


You could see 2 efreet, 3 gargoyles and a gnoll sergeant.

Vanquished Creatures
  Gastronok (D:10)
  2 two-headed ogres
  Amaemon (D:10)
  2 orc knights (Bailey)
  2 gargoyles (D:10)
  An orange demon (D:10)
  Maggie (D:10)
  2 kobold demonologists (Bailey)
  2 trolls
  A hornet (D:8)
  4 yaks
  Sigmund (D:2)
  A wraith (D:8)
  5 fire bats (D:10)
  2 vampires (D:10)
  2 steam dragons
  Menkaure (D:5)
  5 water moccasins
  8 orc warriors
  2 black bears (D:8)
  A sky beast (D:7)
  3 ogres
  A tengu (D:5)
  8 phantoms
  6 centaurs
  5 kobold brigands
  2 bullfrogs
  3 gnoll sergeants (D:10)
  5 scorpions
  13 wights
  6 killer bees (D:7)
  4 howler monkeys
  8 electric eels (Bailey)
  Crazy Yiuf (D:2)
  3 bombardier beetles
  11 centaur zombies
  10 hounds
  5 gnoll boudas
  3 orc priests
  2 jellies
  2 iguanas
  7 sleepcaps
  7 orc wizards
  A scorpion zombie (D:8)
  8 killer bee zombies (D:8)
  10 adders
  29 gnolls
  10 shadow imps
  3 white imps
  A dart slug (D:5)
  2 ribbon worms (D:3)
  18 orcs
  4 ball pythons
  6 bats
  7 endoplasms
  A giant cockroach (D:1)
  12 goblins
  15 hobgoblins
  4 jackals
  3 quokkas
  3 frilled lizards (D:1)
  32 kobolds
  4 rats
  A butterfly (D:6)
336 creatures vanquished.

Vanquished Creatures (others)
  An orc wizard (D:8)
  53 fulminant prisms
54 creatures vanquished.

Grand Total: 390 creatures vanquished

Notes
Turn   | Place    | Note
-------+----------+-------------------------------------------
     0 | D:1      | jasper the Draconian Conjurer began the quest for the Orb.
     0 | D:1      | Reached XP level 1. HP: 14/14 MP: 3/3
   258 | D:1      | Reached XP level 2. HP: 20/20 MP: 1/5
   270 | D:1      | Learned a level 2 spell: Searing Ray
   619 | D:1      | Found Vosous's Jewellery Emporium.
  1179 | D:2      | Reached skill level 5 in Conjurations
  1179 | D:2      | Reached XP level 3. HP: 10/26 MP: 0/6
  1622 | D:2      | Noticed Sigmund
  1656 | D:2      | Killed Sigmund
  1657 | D:2      | Reached skill level 6 in Conjurations
  1657 | D:2      | Reached XP level 4. HP: 13/33 MP: 1/7
  1657 | D:2      | Reached XP level 5. HP: 15/38 MP: 1/8
  1730 | D:2      | Learned a level 4 spell: Fulminant Prism
  1923 | D:2      | Found a runed translucent door.
  1924 | D:2      | Noticed Crazy Yiuf
  2322 | D:3      | Reached skill level 7 in Conjurations
  2521 | D:3      | Reached skill level 1 in Alchemy
  3428 | D:4      | Found a shadowy altar of Dithmenos.
  3433 | D:4      | Reached XP level 6. HP: 45/45 MP: 6/9
  3503 | D:4      | Found Zin's Purification Station.
  3605 | D:4      | Found a glowing silver altar of Zin.
  3610 | D:4      | Bought a potion of curing for 90 gold pieces
  3617 | D:4      | Found a sacrificial altar of Ru.
  3918 | D:5      | Entered Level 5 of the Dungeon
  4272 | D:5      | Your scales start taking on an icy white colour.
  4272 | D:5      | Reached XP level 7. HP: 50/50 MP: 0/10
  4272 | D:5      | Gained mutation: Your flesh is cold resistant. (rC+) [White
                  | Draconian growth]
  4359 | D:5      | Reached skill level 8 in Conjurations
  4741 | D:5      | Noticed Menkaure
  4746 | D:5      | Killed Menkaure
  4908 | D:5      | Noticed a yak
  4913 | D:5      | Noticed a yak
  4946 | D:5      | Noticed a yak
  4951 | D:4      | Killed a yak
  4952 | D:4      | Reached skill level 1 in Fighting
  4952 | D:4      | Reached skill level 9 in Conjurations
  5141 | D:1      | Bought an amulet of regeneration for 330 gold pieces
  5266 | D:2      | Killed Crazy Yiuf
  5412 | D:5      | Found an ornate altar of the Wu Jian Council.
  5420 | D:5      | Noticed Edmund
  5423 | D:5      | Edmund changed into Edmund the tengu
  5423 | D:5      | Noticed Edmund
  5469 | D:5      | Killed Edmund the tengu
  5470 | D:5      | Reached XP level 8. HP: 33/61 MP: 0/12
  5926 | D:6      | Learned a level 4 spell: Iskenderun's Mystic Blast
  6061 | D:6      | Found a staircase to the Ecumenical Temple.
  6070 | Temple   | Entered the Ecumenical Temple
  6225 | D:6      | Reached skill level 1 in Translocations
  7320 | D:6      | Reached XP level 9. HP: 71/71 MP: 8/14
  8627 | D:7      | Reached skill level 5 in Fighting
  8627 | D:7      | Reached skill level 5 in Spellcasting
  8629 | D:7      | Reached skill level 5 in Dodging
  8749 | D:7      | Learned a level 5 spell: Freezing Cloud
  8757 | D:7      | Found a white marble altar of Elyvilon.
  8826 | D:7      | Reached skill level 1 in Ice Magic
  8827 | D:7      | Reached skill level 1 in Air Magic
  9369 | D:7      | Reached skill level 10 in Conjurations
  9419 | D:7      | Found a shimmering blue altar of Sif Muna.
  9958 | D:8      | Reached XP level 10. HP: 81/81 MP: 7/18
 10146 | D:8      | Identified the +0 leather armour "Patwogov" {rF+ rC- MP+9
                  | Str+3}
 10663 | D:8      | Found a staircase to the Lair.
 10712 | D:8      | Reached skill level 5 in Ice Magic
 12315 | D:8      | Identified a scroll of acquirement
 12315 | D:8      | Acquired the +2 pair of gloves of the Good {Str+2 Slay+3
                  | SInv}
 12485 | D:8      | Reached skill level 11 in Conjurations
 12869 | D:8      | Got the Omnibus of Carrion
 12883 | D:8      | Learned a level 1 spell: Apportation
 13392 | D:9      | Noticed a two-headed ogre
 13403 | D:9      | Killed a two-headed ogre
 13404 | D:9      | Reached XP level 11. HP: 73/91 MP: 8/20
 13673 | D:9      | Found a flagged portal.
 13682 | Bailey   | Entered a bailey
 14025 | Bailey   | Noticed an orc knight
 14036 | Bailey   | Killed an orc knight
 14342 | Bailey   | Noticed an orc knight
 14349 | Bailey   | Killed an orc knight
 14563 | Bailey   | Acquired a staff of cold
 14690 | Bailey   | Found an iron altar of Okawaru.
 14943 | D:9      | Found Ponlircha's Practical Paraphernalia.
 14952 | D:9      | Bought a scroll of poison for 40 gold pieces
 15171 | D:10     | Entered Level 10 of the Dungeon
 15200 | D:10     | Noticed a two-headed ogre
 15205 | D:10     | Killed a two-headed ogre
 15206 | D:10     | Reached skill level 1 in Staves
 15273 | D:10     | Noticed Maggie
 15282 | D:10     | Killed Maggie
 15455 | D:10     | Noticed Gastronok
 15469 | D:10     | Killed Gastronok
 15678 | D:10     | Found a radiant altar of Vehumet.
 15679 | D:10     | Found an ancient bone altar of Kikubaaqudgha.
 15686 | D:10     | Became a worshipper of Vehumet
 15758 | D:10     | Found a large runed translucent door.
 15758 | D:10     | Found a large runed translucent door.
 15760 | D:10     | Noticed olddryhag's ghost (journeyman CoWn)
 16401 | D:10     | Noticed Amaemon
 16407 | D:10     | Reached XP level 12. HP: 67/105 MP: 17/22
 16407 | D:10     | Killed Amaemon
 16431 | D:10     | Reached skill level 10 in Fighting
 16622 | D:10     | Identified the +12 orcbow of Nijun {flame, Dex+3}
 16622 | D:10     | Identified the +5 fire dragon scales of Bedevilment {*Slow
                  | rF++ rC- rN+ Dex+6}
 16626 | D:10     | Killed from afar by an efreet

Illustrated notes

Levels and vault maps discovered:
D:1:      dpeg_arrival_refuge, layout_basic, serial_curves, eino_curves_04,
          eino_curves_02, eino_curves_02, serial_shops,
          nicolae_shop_tiny_real_fake_doors
D:2:      layout_basic, kennysheep_cluttered_room, kennysheep_generic_room_2,
          uniq_crazy_yiuf_cottage, uniq_sigmund
D:3:      layout_loops_cross
D:4:      layout_basic, nicolae_overflow_crystal_walls, zin_purify,
          amcnicky_altar_gilded, minmay_misc_feat_secret_circle
D:5:      layout_cave_pools, mainiacjoe_overflow_catwalk, uniq_edmund,
          uniq_menkaure
D:6:      kennysheep_housing_project, layout_basic,
          minmay_temple_entry_butterflies, grunt_decor_fettered
D:7:      layout_basic, elyvilon_altar_5, nicolae_sif_muna_little_library,
          skrybe_limestone_x
D:8:      bobbens_index_wilting_gardens, layout_basic, lair_entry_dummy,
          billiards_dpeg
D:9:      layout_gridville, enter_bailey_2, nicolae_alphabet_shops,
          minmay_misc_feat_columns
D:10:     regret_index_infernal_bastille, layout_loops_ring,
          gammafunk_temple_overflow_pools, ebering_ghost_disaster_area,
          uniq_maggie, uniq_amaemon, uniq_gastronok
Temple:   nicolae_temple_ecumenical_triangle

Skill      XL: |  1  2  3  4  5  6  7  8  9 10 11 12 |
---------------+-------------------------------------+-----
Conjurations   | 5 6 7 9 10 11 | 11.0
Alchemy        | 1 3 |  3.0
Fighting       | 1 4 5 6 9 10 | 10.1
Dodging        | 2 4 5 6 7 |  7.1
Spellcasting   | 3 5 6 7 |  7.5
Translocations | 3 |  3.0
Ice Magic      | 3 6 8 |  8.6
Air Magic      | 2 4 |  4.0
Staves         | 3 |  3.8
Stealth        | |  1.7
Shields        | |  0.7

Action                     |  1- 3 |  4- 6 |  7- 9 | 10-12 || total
---------------------------+-------+-------+-------+-------++-------
  Melee: Tailslap          |     2 |     2 |    12 |    51 ||    67
         Unarmed           |     1 |       |       |       ||     1
         Short sword       |    16 |    11 |    35 |       ||    62
         Staff             |       |       |    42 |   234 ||   276
   Cast: Magic Dart        |    52 |    49 |    74 |    59 ||   234
         Searing Ray       |     5 |    16 |    47 |    30 ||    98
         Fulminant Prism   |       |       |    14 |    39 ||    53
         Iskenderun's Myst |       |       |     9 |    67 ||    76
         Freezing Cloud    |       |       |       |    17 ||    17
Ability: Glacial Breath    |       |       |     4 |    11 ||    15
  Evoke: Wand              |       |       |     3 |    34 ||    37
    Use: Potion            |     3 |       |     1 |     1 ||     5
         Scroll            |     1 |     3 |     3 |     5 ||    12
 Armour: Skin              |    15 |    23 |   131 |   434 ||   603
  Dodge: Dodged            |    12 |    16 |   133 |   320 ||   481
         Repelled          |       |     2 |       |       ||     2
  Block: Buckler           |       |       |       |     1 ||     1

Table legend: (Time is in decaauts)
 A = Elapsed time spent in this place.
 B = Non-inter-level travel time spent in this place.
 C = Inter-level travel time spent in this place.
 D = Time resting spent in this place.
 E = Time spent auto-exploring this place.
 F = Levels seen in this place.
 G = Mean time per level.
                   A        B        C        D        E       F      G
               +--------+--------+--------+--------+--------+-----+--------+
         Total |  16697 |  15807 |    890 |   1823 |  11458 |  12 | 1391.4 |
       Dungeon |  15446 |  14556 |    890 |   1461 |  10931 |  10 | 1544.6 |
        Temple |     15 |     15 |      0 |      0 |      0 |   1 |   15.0 |
        Bailey |   1235 |   1235 |      0 |    362 |    527 |   1 | 1235.0 |
               +--------+--------+--------+--------+--------+-----+--------+

Top non-repeatable levels by time:
     D:8: 3190 daAuts
     D:6: 2683 daAuts
     D:4: 1517 daAuts
    D:10: 1458 daAuts
     D:7: 1373 daAuts
     D:2: 1303 daAuts
  Bailey: 1235 daAuts
     D:1: 1235 daAuts
     D:5: 985 daAuts
     D:3: 852 daAuts
     D:9: 846 daAuts
  Temple: 15 daAuts
